Map: Complesso Moebius XX-1

Players

dootzky - Winner!

  • Race: Protoss Protoss

Jhyrachy - Winner!

  • Race: Zerg Zerg
  • League: Gold

ANDREEV - Winner!

  • Race: Zerg Zerg

WildZeck - Winner!

  • Race: Zerg Zerg

darklord

  • Race: Terran Terran

Salutifer

  • Race: Protoss Protoss

Павел

  • Race: Zerg Zerg
  • League: Silver

ShootingWing

  • Race: Terran Terran

VOD

Have the link to the VOD?

Description

Time

  • Played on: April 19, 2016, 6:14 p.m.
  • Length: 17:49
Show
View Real Time Build Order
Export as new Build Order

dootzky Protoss - Winner!

Build Orders: Phoenix Opening 

Get SALT Encoding   

  12  0:02  Probe (Chrono Boost)  
  13  0:13  Probe (Chrono Boost)  
  14  0:23  Probe (Chrono Boost)  
  15  0:33  Pylon  
  15  0:47  Assimilator  
  15  0:49  Assimilator  
  15  0:51  Probe (Chrono Boost)  
  16  1:02  Probe (Chrono Boost)  
  17  1:04  Gateway  
  17  1:08  Forge  
  17  1:17  Probe (Chrono Boost)  
  18  1:27  Probe (Chrono Boost)  
  19  1:33  Pylon  
  19  1:36  Pylon  
  19  1:38  Probe (Chrono Boost)  
  20  1:51  Probe (Chrono Boost)  
  20  1:52  Photon Cannon  
  21  2:10  Cybernetics Core, Probe (Chrono Boost)  
  22  2:20  Probe (Chrono Boost)  
  23  2:44  Probe (Chrono Boost)  
  23  2:49  Nexus  
  24  3:00  Stargate  
  24  3:07  Mothership Core (Chrono Boost)  
  24  3:10  Pylon  
  26  3:28  Stargate  
  26  3:34  Pylon  
  26  3:36  Probe (Chrono Boost)  
  27  3:44  Photon Cannon  
  27  3:46  Probe (Chrono Boost)  
  28  3:50  Phoenix (Chrono Boost)  
  30  3:57  Probe  
  30  4:01  Probe  
  31  4:09  Probe  
  33  4:12  Probe  
  34  4:20  Photon Cannon  
  34  4:24  Phoenix (Chrono Boost)  
  36  4:41  Probe  
  36  4:43  Probe  
  36  4:45  Assimilator  
  38  4:48  Photon Cannon  
  38  4:50  Assimilator  
  38  4:52  Probe  
  38  4:53  Phoenix (Chrono Boost)  
  38  4:55  Probe  
  42  5:00  Pylon  
  42  5:05  Phoenix (Chrono Boost)  
  44  5:08  Protoss Air Weapons Level 1  
  44  5:16  Phoenix (Chrono Boost)  
  46  5:27  Phoenix (Chrono Boost), Probe x2  
  50  5:37  Phoenix (Chrono Boost)  
  52  5:49  Phoenix (Chrono Boost)  
  54  5:57  Pylon  
  54  5:59  Phoenix (Chrono Boost), Probe  
  54  6:00  Probe  
  58  6:11  Phoenix (Chrono Boost), Probe  
  61  6:14  Photon Cannon  
  61  6:28  Phoenix (Chrono Boost)  
  61  6:32  Phoenix (Chrono Boost)  
  69  7:23  Phoenix x2 (Chrono Boost)  
  69  7:44  Phoenix x2 (Chrono Boost)  
  73  8:18  Void Ray x2 (Chrono Boost)  
  81  8:22  Fleet Beacon  
  81  8:34  Stargate  
  81  8:37  Stargate  
  81  8:38  Pylon  
  81  8:42  Nexus, Fleet Beacon  
  81  8:43  Pylon  
  81  8:44  Assimilator  
  81  8:46  Assimilator  
  81  8:48  Probe x2  
  83  8:49  Pylon  
  83  8:52  Pylon  
  83  9:00  Probe x2  
  85  9:12  Probe x2  
  85  9:15  Tempest x2 (Chrono Boost)  
  95  9:19  Stargate  
  95  9:20  Pylon  
  95  9:36  Photon Cannon  
  95  9:38  Photon Cannon  
  95  9:58  Tempest x2 (Chrono Boost)  
  103  10:04  Probe  
  103  10:05  Probe x2  
  106  10:14  Probe  
  106  10:17  Probe x2  
  103  12:32  Tempest x2 (Chrono Boost)  
  123  12:38  Tempest x3 (Chrono Boost)  
  115  13:02  Probe  
  115  13:03  Probe x2  
  124  13:09  Tempest x2 (Chrono Boost), Photon Cannon  
  132  13:15  Probe, Pylon  
  132  13:17  Pylon  
  137  13:20  Pylon  
  137  13:21  Tempest (Chrono Boost)  
  141  13:32  Tempest (Chrono Boost)  
  141  13:33  Pylon  
  141  13:35  Nexus, Twilight Council, Pylon  
  141  13:36  Assimilator  
  141  13:38  Graviton Catapult  
  141  13:41  Cybernetics Core, Assimilator  
  141  13:44  Pylon  
  141  13:47  Pylon  
  141  13:49  Pylon  
  141  13:50  Pylon  
  141  13:52  Pylon  
  141  13:55  Pylon  
  139  14:10  Photon Cannon  
  139  14:12  Photon Cannon  
  139  14:13  Photon Cannon  
  139  14:15  Photon Cannon  
  139  14:17  Photon Cannon  
  139  14:19  Pylon  
  139  14:25  Photon Cannon  
  139  14:26  Photon Cannon  
  139  14:28  Photon Cannon  
  139  14:29  Pylon  
  135  14:33  Photon Cannon  
  135  14:38  Void Ray x2 (Chrono Boost)  
  145  14:44  Void Ray x3 (Chrono Boost)  
  141  14:51  Probe  
  141  14:52  Probe x2  
  144  15:10  Photon Cannon  
  144  15:14  Protoss Air Weapons Level 2  
  144  15:15  Pylon x2  
  144  15:18  Protoss Air Armor Level 1, Pylon  
  150  15:27  Protoss Shields Level 1 (Chrono Boost)  
  144  15:44  Anion Pulse-Crystals  
  144  15:58  Tempest (Chrono Boost)  
  142  16:42  Tempest x3  
  142  16:43  Tempest  
  158  16:56  Tempest  
Show
View Real Time Build Order
Export as new Build Order

Jhyrachy Zerg - Winner!

Build Orders: Pool First 

Get SALT Encoding   

  12  0:19  Spawning Pool  
  11  0:25  Drone  
  11  0:27  Drone  
  13  0:32  Drone  
  14  0:42  Overlord  
  14  0:59  Overlord  
  14  1:06  Queen  
  14  1:08  Zergling x2  
  14  1:09  Zergling x2  
  18  1:21  Zergling x2  
  19  1:30  Zergling x2  
  21  1:47  Zergling x2  
  21  1:55  Zergling x2  
  21  2:26  Zergling x2  
  21  2:27  Zergling x6  
  20  2:52  Zergling x4  
  20  2:56  Zergling x2  
  20  2:57  Zergling x4  
  24  3:37  Drone x2  
  24  3:38  Extractor, Drone x3  
  28  3:42  Spawning Pool  
  24  4:08  Zergling x10  
  29  4:36  Evolution Chamber  
  28  4:38  Drone  
  28  4:40  Overlord x2  
  29  4:50  Overlord x2  
  29  5:06  Pneumatized Carapace  
  29  5:10  Drone x2  
  29  5:11  Zergling x2  
  29  5:12  Zergling x4  
  34  5:27  Zergling x2  
  35  5:35  Zergling x2  
  35  5:36  Zergling x2  
  35  5:37  Zergling x4  
  39  6:09  Zergling x4  
  39  6:10  Zergling x6  
  44  6:12  Zerg Melee Weapons Level 1  
  32  7:00  Extractor, Drone x4  
  32  7:01  Drone  
  30  7:15  Hatchery  
  29  7:37  Baneling Nest  
  28  7:38  Burrow  
  28  7:42  Drone x2  
  28  7:43  Drone x4  
  34  7:59  Zergling x4  
  34  8:00  Drone  
  37  8:25  Baneling x9  
  37  8:26  Baneling  
  37  8:32  Queen  
  40  8:34  Drone x5  
  40  8:35  Drone x2  
  46  8:42  Baneling x4  
  46  8:50  Zerg Ground Armor Level 1  
  46  9:23  Extractor  
  45  9:25  Extractor  
  44  9:33  Drone x3  
  44  9:34  Drone x3  
  50  9:47  Lair  
  50  9:56  Queen  
  52  10:01  Hatchery  
  52  10:05  Extractor  
  50  10:25  Evolution Chamber  
  50  10:26  Extractor, Metabolic Boost  
  48  10:52  Zerg Ground Armor Level 2, Zerg Melee Weapons Level 2  
  48  10:56  Centrifical Hooks  
  48  11:03  Infestation Pit  
  47  11:08  Zergling x2  
  47  11:09  Zergling x28  
  47  11:10  Zergling x2  
  63  11:13  Queen  
  65  11:39  Baneling x3  
  65  11:40  Baneling x15  
  65  11:44  Drone  
  65  11:45  Drone x8  
  74  12:08  Baneling x10  
  74  12:09  Baneling x4  
  74  12:35  Hatchery  
  73  12:52  Overlord x2  
  73  12:53  Overlord x3  
  73  12:58  Hive  
  73  13:03  Nydus Network, Queen  
  74  13:31  Baneling x46  
  74  13:54  Zergling x4  
  76  14:14  Zerg Ground Armor Level 3, Zerg Melee Weapons Level 3  
  76  14:16  Adrenal Glands  
  76  14:19  Baneling x12  
  76  14:20  Baneling x34  
  76  14:35  Ultralisk Cavern  
  73  15:21  Chitinous Plating  
  73  15:36  Ultralisk x3  
  73  15:37  Ultralisk x3  
  109  15:56  Overlord x4  
  109  15:57  Overlord x4  
  109  16:47  Zergling x8  
  109  16:48  Zergling x38  
  109  16:49  Zergling x36  
  109  16:50  Zergling x32  
  109  16:51  Baneling x46  
Show
View Real Time Build Order
Export as new Build Order

ANDREEV Zerg - Winner!

Build Orders: Pool First, Lurkers 

Get SALT Encoding   

  12  0:02  Drone  
  13  0:08  Extractor  
  13  0:12  Drone  
  13  0:18  Drone  
  14  0:39  Spawning Pool, Drone  
  14  0:47  Overlord  
  14  1:06  Drone  
  15  1:25  Zergling x2  
  15  1:26  Zergling x4  
  15  1:27  Metabolic Boost  
  15  1:29  Queen  
  20  1:40  Zergling x2  
  21  1:49  Zergling x2  
  22  1:59  Overlord  
  22  2:13  Overlord  
  22  2:20  Zergling x2  
  23  2:29  Roach Warren  
  21  2:36  Zergling x2  
  20  2:55  Zergling x8  
  21  3:11  Drone  
  21  3:30  Drone  
  21  3:31  Drone  
  23  3:40  Drone x4  
  23  3:41  Hatchery  
  26  3:58  Extractor  
  26  3:59  Roach  
  26  4:00  Roach  
  29  4:10  Lair  
  29  4:13  Roach x3  
  35  4:34  Drone  
  37  4:38  Drone  
  37  4:41  Drone  
  37  4:45  Overlord x2  
  38  4:53  Baneling Nest  
  38  4:59  Drone  
  38  5:01  Queen  
  38  5:02  Drone  
  41  5:20  Hydralisk Den  
  41  5:21  Drone  
  41  5:23  Drone x4  
  45  5:36  Baneling  
  45  5:37  Baneling x6  
  45  5:53  Centrifical Hooks  
  45  6:01  Drone x6  
  51  6:11  Drone  
  51  6:12  Drone  
  51  6:16  Drone x3  
  56  6:20  Extractor  
  55  6:35  Extractor  
  55  6:36  Lurker Den  
  54  6:53  Drone x3  
  57  7:07  Hydralisk  
  59  7:10  Overlord x4  
  59  7:11  Overlord x2  
  59  7:13  Hatchery  
  58  7:27  Evolution Chamber  
  57  7:31  Evolution Chamber  
  56  7:43  Hydralisk  
  56  7:44  Hydralisk x5  
  68  8:01  Zerg Missile Weapons Level 1  
  68  8:04  Muscular Augments  
  68  8:12  Lurker  
  70  8:13  Lurker x3  
  70  8:14  Lurker  
  70  8:17  Drone x6  
  79  8:35  Zerg Ground Armor Level 1  
  79  8:37  Queen  
  79  8:40  Drone x2  
  83  8:45  Extractor  
  82  8:59  Hydralisk x5  
  82  9:00  Hydralisk  
  94  9:09  Drone x3  
  97  9:10  Drone  
  98  9:26  Spire  
  97  9:47  Drone  
  97  9:48  Drone x3  
  101  9:57  Hydralisk  
  101  9:58  Hydralisk x5  
  113  10:01  Overlord  
  113  10:02  Overlord x5  
  113  10:07  Zerg Missile Weapons Level 2  
  113  10:24  Extractor  
  113  10:26  Lurker x2  
  113  10:27  Lurker x2  
  116  11:05  Zerg Ground Armor Level 2  
  116  11:06  Infestation Pit  
  115  11:13  Hydralisk x7  
  115  11:14  Hydralisk  
  72  11:54  Hydralisk  
  72  11:55  Hydralisk x10  
  86  12:12  Lurker x2  
  86  12:15  Zergling x2  
  89  12:16  Zergling x16  
  97  12:31  Lurker  
  97  12:32  Lurker x2  
  87  13:11  Hive  
  87  13:27  Drone x2  
  87  13:31  Zerg Melee Weapons Level 1  
  89  13:40  Hatchery  
  88  13:41  Lurker x3  
  88  13:42  Lurker x6  
  97  14:20  Hydralisk  
  97  14:21  Hydralisk x14  
  97  14:22  Hydralisk  
  118  16:06  Queen  
  118  16:09  Queen  
  122  16:20  Greater Spire  
  116  17:11  Hydralisk  
  116  17:12  Hydralisk x17  
  116  17:13  Hydralisk x8  
  168  17:30  Extractor  
  167  17:40  Extractor  
Show
View Real Time Build Order
Export as new Build Order

WildZeck Zerg - Winner!

Build Orders: Pool First 

Get SALT Encoding   

  12  0:10  Drone  
  12  0:11  Drone  
  14  0:30  Spawning Pool  
  13  0:59  Drone  
  13  1:01  Overlord x2  
  14  1:06  Extractor  
  13  1:15  Drone  
  14  1:29  Queen  
  14  1:30  Zergling x2  
  17  1:39  Zergling x2  
  18  2:03  Zergling x2  
  18  2:04  Zergling x2  
  18  2:06  Metabolic Boost  
  20  2:22  Zergling x4  
  22  2:28  Zergling x2  
  19  3:10  Drone x2  
  19  3:11  Drone x2  
  20  3:37  Drone x2  
  22  3:49  Extractor  
  22  3:53  Drone x2  
  22  3:54  Drone x2, Evolution Chamber  
  24  4:07  Overlord  
  24  4:09  Lair  
  24  4:21  Hatchery  
  24  4:22  Spore Crawler, Drone  
  24  4:23  Drone x3  
  26  4:35  Drone  
  27  5:09  Spire  
  26  5:43  Drone x2  
  26  5:44  Drone x6  
  26  5:45  Drone x4  
  38  6:16  Infestation Pit  
  37  6:21  Zerg Melee Weapons Level 1  
  37  6:22  Baneling Nest  
  37  6:25  Zerg Flyer Weapons Level 1  
  36  6:33  Queen  
  36  6:39  Drone x6  
  44  6:42  Overlord x3  
  44  6:49  Extractor  
  43  6:54  Extractor, Queen  
  43  7:01  Spore Crawler  
  43  7:07  Spine Crawler  
  42  7:08  Pneumatized Carapace  
  42  7:10  Spore Crawler  
  42  7:14  Drone x3  
  44  7:18  Mutalisk  
  46  7:31  Burrow  
  46  7:32  Hatchery  
  45  7:54  Mutalisk x2  
  49  8:12  Drone x3  
  52  8:14  Mutalisk  
  52  8:15  Zerg Ground Armor Level 1  
  52  8:17  Overlord  
  52  8:18  Overlord  
  52  8:19  Zerg Flyer Armor Level 1  
  54  8:32  Mutalisk  
  56  8:41  Queen  
  56  8:46  Overseer  
  56  8:48  Overseer  
  58  8:51  Mutalisk  
  60  9:01  Mutalisk  
  62  9:07  Drone x7  
  62  9:08  Drone x4  
  73  9:10  Queen  
  75  9:19  Hive  
  69  9:45  Queen  
  69  9:52  Zergling x6  
  74  9:53  Zergling x12  
  80  10:07  Extractor  
  79  10:11  Extractor  
  79  10:13  Zerg Flyer Weapons Level 2  
  78  10:15  Baneling x6  
  78  10:17  Mutalisk  
  78  10:18  Mutalisk x4  
  78  10:21  Zergling x4  
  90  10:42  Spine Crawler  
  90  10:46  Spine Crawler  
  90  10:47  Drone x2  
  90  10:48  Overlord  
  90  10:49  Overlord x6  
  90  10:56  Baneling x6  
  90  10:57  Baneling x2  
  90  11:02  Overlord  
  90  11:03  Overlord x6  
  90  11:04  Overlord  
  90  11:17  Centrifical Hooks  
  90  11:19  Zerg Melee Weapons Level 2  
  61  12:07  Overseer x2  
  61  12:29  Zerg Flyer Armor Level 2  
  61  12:33  Ultralisk Cavern  
  60  12:55  Zergling x10  
  60  12:56  Zergling x14  
  60  12:57  Zergling x12  
  60  12:58  Zergling x10  
  83  13:06  Queen  
  83  13:12  Queen  
  83  13:14  Pathogen Glands  
  83  13:16  Infestor x4  
  91  13:26  Drone x7  
  91  13:31  Ultralisk  
  91  13:32  Ultralisk x2  
  109  13:35  Zerg Ground Armor Level 2  
  109  13:54  Drone  
  109  13:55  Drone x2  
  112  13:59  Ultralisk x2  
  124  14:03  Baneling  
  124  14:04  Baneling x6  
  124  14:22  Ultralisk  
  124  14:24  Zergling x6  
  101  15:21  Zergling x10  
  104  15:22  Zergling x16  
  104  15:23  Zergling x4  
  104  15:24  Ultralisk x2  
  117  15:45  Ultralisk x2  
  129  15:56  Zergling x6  
  129  15:57  Zergling x12  
  138  16:30  Ultralisk x3  
  150  16:51  Overlord  
  150  16:52  Overlord x6  
  150  16:53  Overlord  
  150  17:14  Zergling x4  
  164  17:32  Overseer x2  
Show
View Real Time Build Order
Export as new Build Order

darklord Terran 

Build Orders:  

Get SALT Encoding   

  12  0:02  SCV  
  13  0:15  SCV  
  14  0:26  Supply Depot  
  14  0:31  SCV  
  15  0:48  SCV  
  16  0:53  Barracks  
  16  0:59  Barracks  
  16  1:00  SCV  
  17  1:12  SCV  
  17  1:13  Supply Depot  
  18  1:24  SCV  
  19  1:36  SCV  
  20  1:47  Marine  
  20  1:48  Marine, SCV  
  20  1:52  Barracks  
  23  1:56  Barracks  
  23  2:03  Engineering Bay  
  23  2:05  Refinery  
  23  2:08  Refinery  
  23  2:30  Marine  
  24  2:40  Supply Depot  
  24  3:01  Marine x3  
  24  3:02  Marine  
  28  3:11  Supply Depot  
  28  3:26  SCV  
  29  3:29  Marine x4  
  33  3:40  Terran Infantry Weapons Level 1  
  33  3:43  SCV  
  33  3:47  Marine x4  
  38  3:55  SCV  
  39  4:02  Command Center  
  39  4:13  Marine  
  39  4:14  Marine x3  
  43  4:26  Orbital Command  
  43  4:31  Marine x2  
  43  4:32  Marine x2  
  47  4:49  Factory  
  47  5:13  Marine x4  
  51  5:16  SCV  
  52  5:25  Missile Turret  
  52  5:28  SCV  
  52  5:31  Marine  
  52  5:34  Terran Infantry Armor Level 1  
  54  5:38  Factory Tech Lab  
  54  5:40  SCV  
  55  5:42  Supply Depot  
  55  5:52  SCV  
  55  5:55  Missile Turret  
  56  6:04  Supply Depot  
  56  6:05  SCV  
  56  6:07  Marine x3  
  56  6:08  Marine  
  61  6:18  Missile Turret  
  61  6:19  SCV  
  62  6:31  SCV  
  63  6:36  Siege Tank  
  66  6:43  SCV  
  67  6:55  SCV  
  67  6:59  Marine x4  
  72  7:06  Missile Turret  
  72  7:07  SCV  
  72  7:08  Siege Tank  
  76  7:16  Marine  
  76  7:17  Marine  
  78  7:29  Missile Turret  
  78  7:30  Missile Turret  
  78  7:53  Missile Turret  
  78  8:30  Missile Turret  
  78  8:32  Missile Turret  
  78  8:38  Supply Depot  
  78  8:45  Barracks Reactor x4  
  78  8:59  Sensor Tower, SCV  
  78  9:02  Supply Depot  
  79  9:11  SCV  
  80  9:23  SCV  
  81  9:24  Missile Turret, Supply Depot  
  81  9:28  Marine  
  81  9:29  Marine x6  
  81  9:30  Marine  
  89  9:36  SCV  
  89  9:46  Marine x2, Supply Depot  
  89  9:47  Marine x6  
  89  9:48  SCV  
  98  10:02  Missile Turret  
  98  10:04  Marine x3  
  98  10:05  Refinery, Marine  
  102  10:07  Marine x4  
  102  10:08  Supply Depot  
  102  10:09  Refinery  
  106  10:22  Marine x4  
  106  10:25  Missile Turret  
  110  10:29  Marine x2  
  110  10:31  Supply Depot  
  112  10:41  SCV  
  113  10:46  Missile Turret  
  113  10:53  SCV  
  114  11:05  SCV  
  115  11:16  Missile Turret  
  115  11:25  Missile Turret  
  115  11:35  Missile Turret  
  84  11:56  Missile Turret  
  75  12:19  Missile Turret  
  75  12:20  Missile Turret  
  75  12:21  Missile Turret  
  75  12:22  Missile Turret  
  75  12:29  Missile Turret  
  75  12:37  Marine x6  
  75  12:38  Marine x2  
  59  12:54  Marine  
  59  12:55  Marine x6  
  59  12:56  Marine  
  50  13:12  Marine x2  
  50  13:13  Marine x6  
  58  13:24  Supply Depot  
  58  13:28  Supply Depot  
  58  13:29  SCV  
  58  13:30  Marine x2  
  58  13:31  Marine x6  
  67  13:41  SCV  
  67  13:48  Marine x5  
  69  13:49  Marine x3  
  69  13:55  Siege Tank  
  79  13:58  Command Center  
  79  14:25  Marine x2  
  79  14:26  Marine x6  
  79  14:27  Siege Tank, Starport  
  79  14:30  Starport  
  90  14:43  Marine x2  
  90  14:44  Marine x3  
  55  15:20  Marine x6  
  55  15:21  Marine x2  
  49  15:37  Marine  
  49  15:38  Marine x2  
Show
View Real Time Build Order
Export as new Build Order

Salutifer Protoss 

Build Orders:  

Get SALT Encoding   

  12  0:09  Probe (Chrono Boost)  
  13  0:20  Probe (Chrono Boost)  
  14  0:30  Probe (Chrono Boost)  
  15  0:37  Pylon  
  15  0:55  Probe (Chrono Boost)  
  16  0:59  Gateway  
  16  1:01  Forge  
  16  1:05  Probe (Chrono Boost)  
  17  1:16  Probe (Chrono Boost)  
  18  1:26  Probe (Chrono Boost)  
  19  1:57  Photon Cannon  
  19  2:09  Assimilator  
  19  2:11  Nexus  
  19  2:19  Photon Cannon  
  19  2:20  Photon Cannon  
  19  2:22  Pylon  
  19  2:24  Photon Cannon  
  19  2:41  Photon Cannon  
  19  2:45  Pylon  
  19  3:02  Photon Cannon  
  19  3:04  Photon Cannon  
  19  3:05  Photon Cannon  
  19  3:14  Cybernetics Core  
  19  3:27  Photon Cannon  
  19  3:30  Photon Cannon  
  19  3:41  Assimilator  
  19  3:57  Probe (Chrono Boost)  
  19  4:01  Probe (Chrono Boost)  
  21  4:11  Probe (Chrono Boost)  
  21  4:12  Probe (Chrono Boost)  
  23  4:22  Probe (Chrono Boost)  
  23  4:23  Probe (Chrono Boost)  
  25  4:32  Probe (Chrono Boost)  
  26  4:43  Probe (Chrono Boost)  
  27  4:53  Probe (Chrono Boost)  
  28  5:04  Probe (Chrono Boost)  
  29  5:08  Stargate  
  29  5:11  Stargate  
  29  5:14  Probe (Chrono Boost)  
  30  5:25  Probe (Chrono Boost), Pylon  
  30  5:27  Pylon  
  32  5:35  Probe (Chrono Boost)  
  32  5:46  Probe (Chrono Boost)  
  33  5:57  Probe (Chrono Boost)  
  33  6:02  Nexus  
  31  6:26  Photon Cannon  
  31  6:27  Photon Cannon  
  31  6:29  Photon Cannon  
  31  6:30  Photon Cannon  
  31  6:32  Photon Cannon  
  31  6:33  Photon Cannon  
  31  6:35  Photon Cannon  
  31  6:36  Photon Cannon  
  31  6:43  Photon Cannon  
  19  7:17  Pylon  
  13  7:29  Probe (Chrono Boost)  
  14  7:40  Probe (Chrono Boost)  
  15  7:50  Probe (Chrono Boost)  
  16  7:55  Photon Cannon x2  
  16  7:59  Photon Cannon  
  16  8:01  Probe (Chrono Boost)  
  17  8:12  Probe (Chrono Boost)  
  18  8:17  Pylon  
  18  8:22  Probe (Chrono Boost)  
  18  8:26  Probe (Chrono Boost)  
  20  8:33  Probe (Chrono Boost)  
  21  8:36  Probe (Chrono Boost)  
  22  8:43  Probe (Chrono Boost)  
  22  8:44  Photon Cannon  
  23  8:54  Probe (Chrono Boost)  
  23  8:55  Probe (Chrono Boost)  
  25  9:05  Probe (Chrono Boost)  
  26  9:16  Probe (Chrono Boost)  
  27  9:21  Assimilator  
  27  9:26  Probe (Chrono Boost)  
  27  9:28  Nexus  
  28  9:32  Pylon  
  28  9:37  Assimilator, Probe (Chrono Boost)  
  29  9:45  Assimilator  
  29  10:01  Probe (Chrono Boost)  
  29  10:05  Probe (Chrono Boost)  
  31  10:11  Probe (Chrono Boost)  
  32  10:16  Probe (Chrono Boost)  
  33  10:22  Probe (Chrono Boost)  
  34  10:32  Probe (Chrono Boost)  
  34  10:43  Probe (Chrono Boost)  
  35  10:53  Photon Cannon  
  35  10:55  Photon Cannon  
  35  10:56  Photon Cannon  
  25  11:11  Stargate  
  25  11:12  Stargate  
  25  11:17  Photon Cannon, Pylon  
  25  11:18  Photon Cannon  
  25  11:23  Probe (Chrono Boost)  
  26  11:33  Probe (Chrono Boost)  
  26  11:34  Probe (Chrono Boost)  
  28  11:43  Probe (Chrono Boost)  
  28  11:44  Probe (Chrono Boost)  
  31  11:54  Probe (Chrono Boost)  
  31  11:55  Probe (Chrono Boost)  
  32  12:04  Probe (Chrono Boost)  
  32  12:05  Probe (Chrono Boost)  
  32  12:06  Void Ray x2  
  42  12:15  Probe (Chrono Boost)  
  43  12:16  Probe (Chrono Boost)  
  44  12:27  Probe (Chrono Boost)  
  45  12:37  Probe (Chrono Boost)  
  45  12:42  Void Ray  
  45  12:43  Void Ray  
  54  12:45  Protoss Air Weapons Level 1  
  54  12:48  Probe (Chrono Boost), Protoss Shields Level 1  
  56  12:58  Probe x2 (Chrono Boost)  
  57  13:06  Void Ray  
  57  13:09  Probe x2 (Chrono Boost)  
  63  13:15  Void Ray  
  68  13:20  Probe (Chrono Boost)  
  68  13:24  Probe (Chrono Boost)  
  69  13:30  Probe (Chrono Boost)  
  69  13:31  Void Ray  
  69  13:33  Void Ray  
  78  13:35  Probe (Chrono Boost)  
  78  13:41  Probe (Chrono Boost)  
  55  14:39  Protoss Air Armor Level 1  
  55  14:52  Void Ray x4  
  71  15:17  Stargate  
  71  15:18  Stargate  
  71  15:20  Pylon x2  
  71  15:23  Photon Cannon  
  71  15:34  Photon Cannon, Void Ray  
  71  15:35  Void Ray x3, Photon Cannon  
  87  16:17  Void Ray  
Show
View Real Time Build Order
Export as new Build Order

Павел Zerg 

Build Orders: Pool First 

Get SALT Encoding   

  12  0:45  Drone x2  
  14  0:57  Spawning Pool, Drone  
  14  0:58  Overlord  
  14  1:22  Hatchery  
  13  1:28  Drone x3  
  16  1:44  Queen  
  18  1:49  Extractor  
  17  1:55  Extractor  
  17  1:57  Drone x2  
  18  2:11  Spine Crawler  
  17  2:28  Zergling x6  
  17  3:01  Zergling x8  
  17  3:02  Zergling x2  
  22  3:13  Spine Crawler  
  21  3:25  Drone  
  21  3:26  Drone x2  
  24  3:30  Lair  
  24  3:54  Drone x2  
  26  3:59  Extractor  
  25  4:04  Extractor  
  24  4:12  Drone x2  
  24  4:13  Drone  
  27  4:27  Overlord  
  27  4:39  Overlord  
  27  4:45  Drone x2  
  29  5:00  Metabolic Boost  
  29  5:09  Drone x2  
  31  5:31  Spire  
  30  5:40  Drone  
  30  5:41  Drone  
  32  5:56  Drone  
  32  5:57  Drone x2  
  35  6:07  Zergling x4  
  36  6:23  Spine Crawler  
  36  6:24  Spine Crawler  
  30  6:36  Drone x4  
  34  6:45  Mutalisk  
  33  7:13  Corruptor x3  
  39  7:20  Spore Crawler  
  38  7:23  Spore Crawler  
  38  7:24  Drone  
  30  7:44  Spore Crawler  
  30  7:47  Overlord  
  27  8:18  Overlord x5  
  27  8:29  Spore Crawler  
  27  8:31  Drone  
  27  8:33  Spore Crawler  
  26  8:35  Overseer  
  26  8:59  Drone x3  
  29  9:05  Zerg Flyer Weapons Level 1  
  29  9:12  Spore Crawler  
  29  9:13  Drone x3  
  31  9:31  Queen  
  33  9:39  Spore Crawler  
  33  9:40  Overlord x2  
  32  10:03  Drone x3  
  35  10:19  Queen  
  33  10:38  Spore Crawler  
  33  10:39  Mutalisk  
  33  10:40  Mutalisk x2  
  34  10:55  Spore Crawler  
  33  10:59  Zerg Flyer Armor Level 1  
  33  11:02  Spore Crawler  
  26  11:25  Overlord x3  
  26  11:29  Drone x3  
  26  11:30  Drone x3  
  32  11:48  Drone x3  
  35  12:03  Corruptor  
  35  12:04  Corruptor  
  39  12:09  Drone x3  
  39  12:14  Extractor  
  41  12:21  Corruptor x2  
  45  12:30  Overlord  
  45  12:45  Corruptor  
  45  12:46  Corruptor  
  49  12:53  Zerg Flyer Weapons Level 2  
  49  13:06  Drone x2  
  49  13:07  Drone  
  52  13:17  Corruptor x2  
  56  13:31  Corruptor  
  58  14:12  Drone x3  
  47  14:49  Drone x4  
  47  14:50  Drone x3  
  54  15:03  Mutalisk x3  
  60  15:35  Mutalisk x2  
  60  15:36  Mutalisk x3  
  70  15:53  Mutalisk  
  70  15:54  Mutalisk  
  74  15:58  Overlord x2  
  66  16:35  Queen  
  56  16:56  Corruptor x6  
  56  16:57  Corruptor  
  66  17:18  Corruptor  
Show
View Real Time Build Order
Export as new Build Order

ShootingWing Terran 

Build Orders:  

Get SALT Encoding   

  12  0:02  SCV  
  13  0:14  SCV  
  14  0:22  Supply Depot  
  14  0:26  SCV  
  15  0:32  Refinery  
  15  0:44  SCV  
  16  0:50  Barracks  
  16  0:56  SCV  
  17  1:08  SCV  
  18  1:20  SCV  
  18  1:25  Refinery  
  19  1:32  SCV  
  20  1:44  SCV  
  21  1:59  Barracks Tech Lab  
  21  2:01  Factory  
  21  2:04  SCV  
  22  2:16  SCV  
  23  2:28  Supply Depot  
  23  2:51  Supply Depot  
  23  2:57  Barracks  
  23  3:02  Marauder  
  23  3:04  Concussive Shells  
  25  3:15  Supply Depot  
  25  3:24  Marauder  
  27  3:38  Supply Depot  
  27  3:43  Command Center  
  27  3:44  Factory Tech Lab  
  27  3:48  Barracks Reactor  
  27  3:53  Factory  
  27  3:56  Marauder  
  27  3:58  Combat Shields  
  29  4:12  Armory  
  29  4:22  Siege Tank  
  32  4:26  Marauder  
  32  4:27  Marine x2  
  36  4:32  Orbital Command  
  36  4:38  Factory Tech Lab  
  36  4:54  Marine x2  
  36  4:56  Marauder  
  40  5:21  SCV  
  41  5:32  Marine  
  41  5:33  Marine, SCV  
  41  5:35  Thor  
  50  5:38  Marauder  
  52  5:45  SCV  
  53  5:58  SCV  
  53  6:03  Thor  
  60  6:10  SCV  
  61  6:12  Terran Vehicle Weapons Level 1  
  61  6:16  Marine x2  
  63  6:24  Thor  
  69  6:27  SCV  
  69  6:32  Refinery  
  70  7:02  Supply Depot  
  70  7:22  Refinery  
  70  7:23  Thor  
  70  7:24  SCV, Supply Depot  
  77  7:36  SCV  
  78  7:45  Thor  
  78  7:47  Supply Depot  
  78  7:48  SCV  
  84  8:00  SCV  
  85  8:07  Terran Vehicle And Ship Armor Level 1  
  85  8:09  Supply Depot  
  85  8:10  Thor  
  91  8:18  Engineering Bay  
  91  8:27  Starport  
  91  8:32  Supply Depot  
  91  8:33  SCV  
  92  8:45  SCV  
  93  8:51  Thor  
  99  8:57  SCV  
  100  9:05  Starport  
  100  9:09  SCV  
  101  9:15  Command Center, Medivac  
  103  9:20  Thor  
  103  9:21  SCV  
  110  9:41  Thor  
  116  9:54  Refinery  
  116  10:10  Refinery  
  116  10:19  Terran Vehicle Weapons Level 2  
  116  10:26  Thor x2  
  128  10:37  Medivac  
  130  11:09  Thor  
  136  11:21  Thor  
  136  11:25  SCV  
  131  11:37  SCV  
  108  11:49  SCV  
  81  12:01  SCV  
  82  12:13  SCV  
  76  12:30  SCV  
  76  12:35  Terran Vehicle And Ship Armor Level 2  
  76  12:42  SCV  
  74  12:54  SCV  
  75  13:06  SCV x2  
  77  13:18  SCV x2  
  79  13:23  Thor  
  85  13:27  Thor  
  85  13:30  SCV x2  
  93  13:42  SCV  
  93  13:43  SCV  
  95  13:54  SCV  
  95  13:55  SCV  
  97  14:06  SCV  
  97  14:07  SCV  
  99  14:16  Thor  
  105  14:19  SCV x2  
  105  14:23  SCV  
  108  14:31  SCV x2  
  110  14:43  SCV x2  
  112  14:55  SCV  
  76  15:07  SCV  
  33  15:18  Thor  
  37  15:21  Marine x2  
  39  15:39  Marine  
Tags
 
Add a new tag
Caveats
  • Supply blocks, unpowered buildings, or Contaminate may cause inaccurate times.
  • Supply counts are checked every 10 seconds.